 Dungeon Crawl Stone Soup version 0.24-a0-443-g80245de385 (webtiles) character file.

Game seed: 17417425603271453181

3239 nubinia the Thaumaturge (level 9, -6/48 HPs)
             Began as a Deep Elf Venom Mage on June 21, 2019.
             Was a Believer of Ashenzari.
             Mangled by a two-headed ogre
             ... wielding a +0 giant club
              (24 damage)
             ... on level 9 of the Dungeon.
             The game lasted 01:02:19 (9142 turns).

nubinia the Thaumaturge (Deep Elf Venom Mage)       Turns: 9142, Time: 01:02:20

Health: -6/48      AC:  8    Str:  5    XL:     9   Next: 67%
Magic:  17/24      EV: 14    Int: 21    God:    Ashenzari [**....]
Gold:   360        SH:  0    Dex: 20    Spells: 20/26 levels left

rFire    . . .     SeeInvis +   b - +0 short sword (curse)
rCold    . . .     Gourm    +   (no shield)
rNeg     . . .     Faith    .   A - +0 troll leather armour
rPois    .         Spirit   .   e - +0 helmet
rElec    .         Reflect  .   (no cloak)
rCorr    .         Harm     .   j - +0 pair of gloves
MR       .....                  D - +1 pair of boots {Fly}
Stlth    +++++.....             g - amulet of the gourmand
HPRegen  0.56/turn              h - ring of see invisible
MPRegen  0.19/turn              x - ring of stealth

@: flying
A: talons 1, thin skeletal structure 1, evolution 1
a: Curse Item, Scrying, Renounce Religion, Stop Flying


You were on level 9 of the Dungeon.
You worshipped Ashenzari.
Ashenzari was pleased with you.
You were not hungry.

You visited 2 branches of the dungeon, and saw 10 of its levels.

You collected 547 gold pieces.
You spent 187 gold pieces at shops.

Inventory:

Hand Weapons
 b - a cursed +0 short sword (weapon)
 w - a +1 dagger of draining
 C - a +3 dagger of venom
 E - the +7 long sword of Classification {slice, +Blink Dex+2}
   (You found it on level 7 of the Dungeon)

   It inflicts extra damage upon your enemies.
   It affects your dexterity (+2).
   It lets you blink.
Missiles
 f - 24 poisoned darts (quivered)
Armour
 a - a +0 robe
 e - a +0 helmet (worn)
 j - a +0 pair of gloves (worn)
 k - a cursed +0 animal skin
 t - a +1 robe of resistance
 v - a +0 pair of boots
 A - a +0 troll leather armour (worn)
 D - a +1 pair of boots of flying (worn)
Jewellery
 g - an amulet of the gourmand (around neck)
 h - a ring of see invisible (left hand)
 r - an uncursed amulet of regeneration
 x - a ring of stealth (right hand)
Wands
 m - a wand of random effects (10)
Scrolls
 i - a scroll of amnesia
 l - a scroll of teleportation
 u - 2 scrolls of magic mapping
 y - 2 scrolls of fog
 F - a scroll of fear {unknown}
Potions
 d - a potion of resistance
 n - a potion of might
 o - 2 potions of curing
 p - a potion of lignification
 q - a potion of mutation
 s - a potion of brilliance
 z - a potion of heal wounds
 B - a potion of haste
Comestibles
 c - 16 rations
 G - 7 chunks of flesh


   Skills:
 + Level 1.9 Fighting
 + Level 4.4(6.6) Short Blades
 + Level 0.7 Throwing
 + Level 1.2 Armour
 + Level 4.3 Dodging
 + Level 7.1 Stealth
 + Level 9.4 Spellcasting
 + Level 5.1 Conjurations
 + Level 3.5 Air Magic
 + Level 7.2 Poison Magic


You had 20 spell levels left.
You knew the following spells:

 Your Spells              Type           Power        Failure   Level  Hunger
a - Sting                 Conj/Pois      ####         1%          1    None
b - Poisonous Vapours     Pois/Air       ####..       1%          2    None
c - Mephitic Cloud        Conj/Pois/Air  ####....     3%          3    None

Your spell library contained the following spells:

 Spells                   Type           Power        Failure   Level  Hunger
 Olgreb's Toxic Radiance  Pois           #####...     6%          4    ##.....
 Venom Bolt               Conj/Pois      #####.....   24%         5    #####..


Dungeon Overview and Level Annotations

Branches:
Dungeon (9/15)             Temple (1/1) D:6
   Lair: D:8-11         Orc: D:9-12

Altars:
Ashenzari
Cheibriados
Dithmenos
Elyvilon
Fedhas
Gozag
Hepliaklqana
Kikubaaqudgha
Makhleb
Nemelex Xobeh
Okawaru
Qazlal
Ru
Sif Muna
Trog
Uskayaw
Vehumet
Wu Jian
Xom
Yredelemnul
Zin
The Shining One

Shops:
D:5 :   D:6 [

Annotations:
D:6 4 runed translucent doors
D:7 1 runed translucent door, exclusion: sensed monster (detected)
D:8 exclusion: 2 wights
D:9 1 exclusion


Innate Abilities, Weirdness & Mutations

You have sharp toenails.
You have a somewhat thin skeletal structure. (Dex +2, Stealth)
You evolve.


Message History

There isn't anything to butcher here.
You're too confused to cast spells.
Unknown command.
You feel better.
Casting: Mephitic Cloud (safe; 3% risk of failure)
Confirm with . or Enter, or press ? or * to list all spells.
Aiming: Mephitic Cloud (safe; 3% risk of failure)
Press: ? - help, Shift-Dir - straight line, f/p - two-headed ogre
Aim: a two-headed ogre, wielding a +0 giant club and a +0 giant spiked club (lightly wounded)
The ball explodes into a vile cloud!
The stinking cloud engulfs the two-headed ogre but does no damage.
The two-headed ogre is lightly wounded.
The two-headed ogre is engulfed in noxious fumes.
The two-headed ogre appears confused.
You hit the two-headed ogre but do no damage.
The two-headed ogre is lightly wounded.
The two-headed ogre barely misses you.
The two-headed ogre hits you with a +0 giant spiked club!!
Ouch! That really hurt!
You die...

#..# ##.# * ,
#.## #..# , ##.#
* , #.# #☼# #O#
#@# * #.# , #.# ,
+ #.# ,, #># , *
#.## , #..# , *
######'##
#..÷....########,


You could see a two-headed ogre (confused).

Vanquished Creatures
  A troll (D:6)
  2 hippogriffs
  Eustachio (D:6)
  Menkaure (D:5)
  A water moccasin (D:7)
  Duvessa (D:4)
  4 sky beasts
  3 ogres
  3 bullfrogs (D:6)
  A gnoll sergeant (D:8)
  Dowan (D:4)
  4 killer bees (D:8)
  2 crimson imps
  A centaur skeleton (D:7)
  5 hounds
  4 orc priests
  3 bullfrog skeletons
  Jessica (D:3)
  An iguana (D:3)
  Natasha (thrice) (D:4)
  3 orc wizards
  3 worker ants
  Robin (D:2)
  A worker ant zombie (D:7)
  10 gnolls
  12 adders
  An ooze (D:3)
  2 adder skeletons
  2 adder zombies
  A worm (D:2)
  2 dart slugs
  3 leopard geckos
  22 orcs
  14 giant cockroaches
  17 goblins
  15 hobgoblins
  10 jackals
  4 quokkas
  2 ball pythons
  5 bats
  10 frilled lizards
  A giant cockroach zombie (D:5)
  10 kobolds
  A leopard gecko zombie (D:5)
  A quokka skeleton (D:3)
  A quokka zombie (D:5)
  7 rats
204 creatures vanquished.

Notes
Turn   | Place    | Note
-------+----------+-------------------------------------------
     0 | D:1      | nubinia the Deep Elf Venom Mage began the quest for the
                  | Orb.
     0 | D:1      | Reached XP level 1. HP: 10/10 MP: 6/6
    96 | D:1      | Found a shattered altar of Ashenzari.
   100 | D:1      | Became a worshipper of Ashenzari the Shackled
   240 | D:1      | Reached XP level 2. HP: 3/15 MP: 0/8
   477 | D:1      | Learned a level 2 spell: Poisonous Vapours
   985 | D:1      | Reached XP level 3. HP: 19/19 MP: 4/9
  1637 | D:2      | Reached skill level 4 in Spellcasting
  1657 | D:2      | Reached XP level 4. HP: 24/24 MP: 0/12
  1776 | D:2      | Learned a level 3 spell: Mephitic Cloud
  1969 | D:2      | Found a blossoming altar of Fedhas.
  1973 | D:2      | Found a sparkling altar of Nemelex Xobeh.
  1973 | D:2      | Found a radiant altar of Vehumet.
  1973 | D:2      | Found a hide-covered altar of Uskayaw.
  1973 | D:2      | Found a basalt altar of Yredelemnul.
  1975 | D:2      | Found an iron altar of Okawaru.
  1975 | D:2      | Found an opulent altar of Gozag.
  1980 | D:2      | Found a burning altar of Makhleb.
  1981 | D:2      | Found a bloodstained altar of Trog.
  2174 | D:2      | Noticed Robin
  2817 | D:2      | Killed Robin
  3193 | D:3      | Reached skill level 1 in Air Magic
  3273 | D:3      | Reached XP level 5. HP: 28/28 MP: 7/14
  3287 | D:3      | Reached skill level 5 in Spellcasting
  3716 | D:3      | Found a bloodstained altar of Trog.
  4020 | D:3      | Noticed Jessica
  4034 | D:3      | Reached XP level 6. HP: 32/32 MP: 9/15
  4042 | D:3      | Killed Jessica
  4279 | D:4      | Noticed Natasha
  4282 | D:4      | Killed Natasha
  4282 | D:4      | Reached skill level 1 in Short Blades
  4472 | D:4      | Noticed a hippogriff
  4473 | D:4      | Noticed Duvessa
  4473 | D:4      | Noticed Dowan
  4512 | D:4      | Killed Duvessa
  4512 | D:4      | Reached skill level 5 in Poison Magic
  4527 | D:4      | Noticed Natasha
  4540 | D:4      | Killed Natasha
  4540 | D:4      | Reached XP level 7. HP: 17/36 MP: 5/17
  4628 | D:4      | Noticed Natasha
  4635 | D:4      | Killed Natasha
  4642 | D:4      | Killed a hippogriff
  4642 | D:4      | Reached skill level 6 in Spellcasting
  4659 | D:4      | Killed Dowan
  5026 | D:4      | Reached skill level 5 in Stealth
  5361 | D:4      | Gained mutation: Your body sometimes deteriorates upon
                  | taking damage. [potion of mutation]
  5361 | D:4      | Gained mutation: You evolve. [potion of mutation]
  5361 | D:4      | Lost mutation: Your body sometimes deteriorates upon taking
                  | damage. [potion of mutation]
  5361 | D:4      | Gained mutation: You have a somewhat thin skeletal
                  | structure. (Dex +2, Stealth) [potion of mutation]
  5387 | D:5      | Entered Level 5 of the Dungeon
  5467 | D:4      | Reached skill level 7 in Spellcasting
  5467 | D:4      | Reached XP level 8. HP: 29/42 MP: 12/20
  5772 | D:5      | Noticed Menkaure
  5855 | D:5      | Found Mycvir's Book Emporium.
  5875 | D:5      | Reached * piety under Ashenzari
  6296 | D:5      | Killed Menkaure
  6441 | D:6      | Reached skill level 1 in Fighting
  6486 | D:6      | Found a staircase to the Ecumenical Temple.
  6543 | Temple   | Entered the Ecumenical Temple
  6715 | D:6      | Noticed Eustachio
  6741 | D:6      | Killed Eustachio
  6865 | D:6      | Found Tisoes's Antique Armour Boutique.
  6947 | D:6      | Reached ** piety under Ashenzari
  7031 | D:6      | Reached skill level 8 in Spellcasting
  7075 | D:6      | Found a large runed translucent door.
  7075 | D:6      | Found a large runed translucent door.
  7101 | D:6      | Found a large runed translucent door.
  7101 | D:6      | Found a large runed translucent door.
  7266 | D:6      | Noticed a troll
  7301 | D:6      | Killed a troll
  7301 | D:6      | Reached XP level 9. HP: 11/47 MP: 15/23
  7527 | D:6      | Bought a pair of runed boots for 187 gold pieces
  7768 | D:6      | Gained mutation: You have sharp toenails. [evolution]
  7951 | D:7      | Found a hazy altar of Hepliaklqana.
  8018 | D:7      | Identified the +7 long sword of Classification {slice,
                  | +Blink Dex+2}
  8032 | D:7      | Found a runed translucent door.
  8458 | D:8      | Reached skill level 1 in Armour
  8563 | D:8      | Reached skill level 9 in Spellcasting
  8563 | D:8      | Reached skill level 5 in Conjurations
  9121 | D:9      | Noticed a two-headed ogre
  9123 | D:9      | Noticed a two-headed ogre
  9142 | D:9      | Mangled by a two-headed ogre

Levels and vault maps discovered:
D:1:      scummos_arrival_gate, layout_loops_ring,
          minmay_misc_feat_four_crosses, ashenzari_altar_1
D:2:      layout_rooms, minitemple, minmay_tetromino_l2, uniq_robin
D:3:      layout_basic, first_ration, trog_hazing_becter, uniq_jessica
D:4:      layout_rooms, hangedman_abyss_or_decor_slice, kennysheep_donut,
          minivault_5, uniq_natasha, uniq_duvessa
D:5:      layout_basic, serial_shops, shop, uniq_menkaure
D:6:      layout_layer_cave, minmay_temple_entry_slanted, serial_shops,
          nicolae_shop_window_shopping, minmay_hollow_rounded_squares,
          uniq_eustachio
D:7:      layout_cave_pools, serial_gnoll_camp, gnoll_camp_huts_moat,
          gnoll_camp_medium_01, gnoll_camp_mini_hut, gnoll_camp_mini_doghouse,
          basic_altar, ebering_ghost_xom
D:8:      layout_basic
D:9:      layout_roguey, david_orc_1_choice, serial_shops,
          nicolae_shop_statue_plus, hangedman_pestilent_swarm
Temple:   nicolae_temple_hex_pool

Skill      XL: |  1  2  3  4  5  6  7  8  9 |
---------------+----------------------------+-----
Poison Magic   | 4 5 6 7 |  7.2
Spellcasting   | 4 5 7 8 9 |  9.4
Air Magic      | 1 2 3 |  3.5
Conjurations   | 2 3 4 5 |  5.1
Stealth        | 3 4 5 6 7 |  7.1
Short Blades   | 1 3 4 |  4.4
Dodging        | 3 4 |  4.3
Fighting       | 1 |  1.9
Armour         | 1 |  1.2
Throwing       | |  0.7

Action                   |  1- 3 |  4- 6 |  7- 9 || total
-------------------------+-------+-------+-------++-------
Melee: Short sword       |    14 |    95 |   252 ||   361
Throw: Dart              |       |     4 |     8 ||    12
 Cast: Sting             |    61 |    91 |   135 ||   287
       Poisonous Vapours |    11 |    33 |    39 ||    83
       Mephitic Cloud    |       |     6 |    13 ||    19
Invok: Curse Item        |       |       |     1 ||     1
  Use: Scroll            |     1 |     5 |     7 ||    13
       Potion            |       |     2 |     5 ||     7
 Stab: Sleeping          |     3 |     4 |    18 ||    25
       Confused          |       |     1 |    12 ||    13
  Eat: Chunk             |     3 |    19 |    25 ||    47
Armor: Robe              |     2 |    31 |    28 ||    61
       Skin              |       |       |     2 ||     2
       Troll leather arm |       |       |    33 ||    33
Dodge: Dodged            |    17 |    80 |   161 ||   258

Table legend:
 A = Non-vault XP
 B = Vault XP
 C = Vault XP percentage of total XP
 D = Non-vault monster count
 E = Vault monster count
 F = Vault count percentage of total count
                 A         B        C        D         E       F
            +---------+---------+-------+---------+---------+-------
      Total |    3476 |    1152 |  24.9 |     167 |      37 |  18.1
            +---------+---------+-------+---------+---------+-------
        D:1 |      55 |       2 |   3.5 |      32 |       1 |   3.0
        D:2 |      87 |      37 |  29.8 |      28 |      13 |  31.7
        D:3 |     207 |      48 |  18.8 |      30 |       7 |  18.9
        D:4 |     759 |     233 |  23.5 |      24 |       3 |  11.1
        D:5 |     211 |     172 |  44.9 |      14 |       1 |   6.7
        D:6 |     581 |     628 |  51.9 |      12 |       8 |  40.0
        D:7 |     391 |      32 |   7.6 |       8 |       4 |  33.3
        D:8 |    1133 |       0 |   0.0 |      15 |       0 |   0.0
        D:9 |      52 |       0 |   0.0 |       4 |       0 |   0.0
            +---------+---------+-------+---------+---------+-------
